 Dungeon Crawl Stone Soup version 0.28.0-53-g5a82cb258f (webtiles) character file.

Game seed: 13468398143231337930

11522 cbfl8 the Protected (level 11, -1/145 HPs)
             Began as a Minotaur Berserker on July 14, 2022.
             Was a Priest of Trog.
             Slain by a two-headed ogre
             ... wielding a +0 great mace
              (8 damage)
             ... on level 11 of the Dungeon.
             The game lasted 00:30:10 (17174 turns).

cbfl8 the Protected (Minotaur Berserker)           Turns: 17174, Time: 00:30:11

Health: -1/145     AC: 16    Str: 28    XL:     11   Next: 50%
Magic:  19/19      EV:  8    Int:  6    God:    Trog [***...]
Gold:   554        SH:  9    Dex: 13    Spells: 10/10 levels left

rFire   . . .      SeeInvis +   I - +0 broad axe
rCold   + . .      Faith    .   H - +1 kite shield {rC+}
rNeg    . . .      Spirit   .   C - +0 plate armour
rPois   .          Reflect  .   (helmet restricted)
rElec   .          Harm     .   E - scarf {repulsion}
rCorr   .          Rampage  .   (no gloves)
Will    .....                   a - +0 pair of boots
Stlth   ..........              t - amulet of the acrobat
HPRegen 0.34/turn               i - ring of Qileza {MP+9 Str+5 Int+2}
MPRegen 0.16/turn               j - ring of see invisible

@: berserking (expiring), repel missiles, very quick
A: horns 2, retaliatory headbutt
a: Renounce Religion, Berserk, Trog's Hand


You were on level 11 of the Dungeon.
You worshipped Trog.
Trog was most pleased with you.
You visited 2 branches of the dungeon, and saw 12 of its levels.
You visited the Abyss 2 times.

You collected 554 gold pieces.

Inventory:

Hand Weapons
 c - a +2 vampiric spear
 h - a +3 short sword of distortion
 D - a +0 battleaxe
 I - a +0 broad axe (weapon)
 K - a +4 great sword of freezing
Missiles
 s - 3 throwing nets (quivered)
Armour
 a - a +0 pair of boots (worn)
 u - the +1 ring mail of the Saviour {rElec rPois Int+2}
   (You found it on level 4 of the Dungeon)

   Int:       It affects your intelligence (+2).
   rElec:     It insulates you from electricity.
   rPois:     It protects you from poison.
 C - a +0 plate armour (worn)
 E - a scarf of repulsion (worn)
 H - a +1 kite shield of cold resistance (worn)
 J - +0 steam dragon scales
 M - a +0 tower shield of positive energy
 T - a +0 cloak
Jewellery
 e - a +6 ring of intelligence
 i - the ring of Qileza (left hand) {MP+9 Str+5 Int+2}
   (You took it off a kobold brigand on level 7 of the Dungeon)

   [ring of magical power]

   Str:       It affects your strength (+5).
   Int:       It affects your intelligence (+2).
   MP:        It affects your magic capacity (+9).
 j - a ring of see invisible (right hand)
 m - a ring of ice
 n - a +6 ring of intelligence
 t - an amulet of the acrobat (around neck)
 F - a +4 ring of protection
 L - a ring of protection from fire
 O - a ring of magical power
 P - a ring of poison resistance
 V - a ring of positive energy
Wands
 b - a wand of digging (6)
 v - a wand of iceblast (20)
 y - a wand of flame (70)
 G - a wand of polymorph (10)
 N - a wand of mindburst (11)
 Q - a wand of paralysis (3)
 S - a wand of charming (3)
Scrolls
 f - 3 scrolls of noise
 g - a scroll of summoning {unknown}
 o - a scroll of fear
 p - a scroll of silence
 B - 2 scrolls of teleportation
 R - a scroll of magic mapping {unknown}
Potions
 d - 3 potions of mutation
 l - a potion of curing
 q - 2 potions of might
 r - a potion of resistance
 w - a potion of berserk rage {unknown}
 x - a potion of ambrosia {unknown}
 z - a potion of cancellation {unknown}
 A - a potion of flight {unknown}
Miscellaneous
 k - a phial of floods


   Skills:
 + Level 9.0 Fighting
 + Level 9.2(10.6) Axes
 + Level 8.4(10.3) Polearms
 + Level 11.4 Armour
 * Level 5.9 Dodging
 * Level 3.4 Stealth
 + Level 2.5 Shields
 * Level 7.0 Evocations


You had 10 spell levels left.
You didn't know any spells.
Your spell library was empty.

Dungeon Overview and Level Annotations

Branches:
Dungeon (11/15)            Temple (1/1) D:5             Orc (0/2) D:10
   Lair: D:8-11

Altars:
Ashenzari
Cheibriados
Dithmenos
Elyvilon
Fedhas
Gozag
Hepliaklqana
Kikubaaqudgha
Makhleb
Nemelex Xobeh
Okawaru
Qazlal
Ru
Sif Muna
Trog
Uskayaw
Vehumet
Wu Jian
Xom
Yredelemnul
Zin
The Shining One
Lugonu

Portals:
Abyss: D:5

Annotations:
D:6 2 transporters, osoart's ghost, novice DrBe


Innate Abilities, Weirdness & Mutations

You have a pair of horns on your head.
You reflexively headbutt those who attack you in melee.


Message History

Unknown command.
You are too injured to fight recklessly!
You are too injured to fight recklessly!
You slice the troll!! You headbutt the troll!
You kill the troll!
Trog accepts your kill.
The troll leather armour is intact enough to wear.
The gnoll hits you but does no damage.
You slash the komodo dragon! You headbutt the komodo dragon!!
The komodo dragon is severely wounded.
You block the komodo dragon's attack. You block the gnoll's attack.
You slash the komodo dragon! Your headbutt misses the komodo dragon.
The komodo dragon is almost dead.
The komodo dragon bites you! The gnoll hits you but does no damage.
You slice the komodo dragon!!
You kill the komodo dragon!
Trog accepts your kill. You block the gnoll's attack.
Your Fighting skill increases to level 9!
You slash the two-headed ogre!
The two-headed ogre is lightly wounded.
The two-headed ogre hits you but does no damage.
You block the two-headed ogre's attack.
You slice the two-headed ogre!!
The two-headed ogre is heavily wounded.
The gnoll hits you from afar with a +0 spear.
The two-headed ogre hits you with a +0 great mace.
The two-headed ogre hits you with a +0 giant club!!
* * * LOW HITPOINT WARNING * * *
You slash the two-headed ogre!
The two-headed ogre is severely wounded.
The gnoll hits you from afar with a +0 spear.
* * * LOW HITPOINT WARNING * * *
The komodo dragon hisses menacingly.
You slash the two-headed ogre!
The two-headed ogre is almost dead.
The two-headed ogre hits you with a +0 great mace!!
* * * LOW HITPOINT WARNING * * *
The two-headed ogre hits you with a +0 giant club!
You die...

.....#.#.#.#.#.....#
...............#.###
.....#.##+##.###.#.#
.......#...#..##.#..
.....#.'...+.###.#.#
###+#..#...#..##<#.#
##.##'##.#.###.#
#..........###l########..
##.#.#.#.#.'@OWg..†......
#####)....###g#......)..
.......######
#+###.###### ####### ##


You could see a two-headed ogre, a komodo dragon, a shadow (invisible) and 2
gnolls.

Vanquished Creatures
  Harold (D:7)
  2 two-headed ogres
  A sixfirhy (Abyss:1)
  Pikel (D:7)
  A worldbinder (Abyss:1)
  A manticore (D:7)
  Joseph (D:10)
  Maggie (D:7)
  A komodo dragon (D:11)
  An efreet (Abyss:1)
  A troll (D:11)
  A hornet (D:8)
  2 wyverns
  2 steam dragons
  11 yaks
  Menkaure (D:5)
  A vampire mosquito (D:7)
  2 water moccasins
  Duvessa (D:6)
  A hell hound (Abyss:1)
  2 orc warriors
  2 ice beasts (D:5)
  3 black bears
  3 necrophages
  3 ogres
  6 centaurs
  A phantom (D:2)
  2 lemures (D:7)
  6 kobold brigands
  Blork the orc (D:6)
  3 bullfrogs
  3 gnoll sergeants
  3 scorpions
  A wyvern skeleton (D:7)
  A water moccasin zombie (D:7)
  Dowan (D:6)
  10 killer bees
  7 wights
  A howler monkey (D:5)
  A bullfrog zombie (D:7)
  4 jellies
  4 centaur zombies
  2 orc priests
  A bullfrog skeleton (D:4)
  A gnoll shaman (D:3)
  4 hounds
  3 iguanas
  Natasha (thrice) (D:2)
  An orc wizard (D:7)
  A killer bee zombie (D:7)
  A howler monkey zombie (D:10)
  12 gnolls
  9 adders
  A shadow imp (D:6)
  A white imp (D:7)
  2 ufetubi
  A worm (D:3)
  21 orcs
  5 endoplasms
  2 giant cockroaches
  12 goblins
  8 hobgoblins
  4 jackals (D:2)
  11 kobolds
  5 quokkas
  7 ball pythons
  4 bats
  2 frilled lizards (D:1)
  2 rats (D:2)
228 creatures vanquished.

Notes
Turn   | Place    | Note
-------+----------+-------------------------------------------
     0 | D:1      | cbfl8 the Minotaur Berserker began the quest for the Orb.
     0 | D:1      | Reached XP level 1. HP: 19/19 MP: 0/0
   276 | D:1      | Reached XP level 2. HP: 25/27 MP: 1/1
   852 | D:1      | Reached XP level 3. HP: 30/33 MP: 2/2
   931 | D:1      | Reached ** piety under Trog
  1054 | D:2      | Noticed Natasha
  1058 | D:2      | Killed Natasha
  1091 | D:2      | Reached skill level 1 in Polearms
  1091 | D:2      | Reached XP level 4. HP: 41/41 MP: 3/3
  1301 | D:2      | Noticed Natasha
  1304 | D:2      | Killed Natasha
  1441 | D:2      | Found a bloodstained altar of Trog.
  1450 | D:2      | Noticed Natasha
  1464 | D:2      | Killed Natasha
  1465 | D:2      | Reached XP level 5. HP: 20/47 MP: 4/4
  1874 | D:2      | Found a faded altar of an unknown god.
  2062 | D:2      | Noticed a phantom
  2076 | D:2      | Killed a phantom
  2077 | D:2      | Reached skill level 5 in Fighting
  2077 | D:2      | Reached skill level 3 in Armour
  2830 | D:3      | Reached XP level 6. HP: 35/56 MP: 5/5
  3246 | D:3      | Reached skill level 1 in Stealth
  4256 | D:4      | Reached *** piety under Trog
  4364 | D:4      | Reached skill level 4 in Armour
  4365 | D:4      | Identified the +1 ring mail of the Saviour {rElec rPois
                  | Int+2}
  4656 | D:4      | You fall into a shaft and drop 1 floor!
  4656 | D:5      | Entered Level 5 of the Dungeon
  4691 | D:5      | Found a staircase to the Ecumenical Temple.
  4698 | D:5      | Noticed Menkaure
  4889 | D:6      | Reached XP level 7. HP: 61/61 MP: 6/6
  4960 | D:6      | Reached skill level 5 in Polearms
  5348 | D:6      | Reached skill level 5 in Armour
  6301 | D:5      | Reached skill level 1 in Evocations
  6330 | D:5      | Reached XP level 8. HP: 63/70 MP: 7/7
  6709 | D:5      | Reached skill level 5 in Axes
  6908 | D:5      | Reached skill level 6 in Armour
  7039 | D:5      | Found a one-way gate to the infinite horrors of the Abyss.
  7124 | D:5      | Killed Menkaure
  7319 | D:5      | Found a large runed translucent door.
  7320 | D:5      | Found a large runed translucent door.
  7323 | D:5      | Found a corrupted altar of Lugonu.
  7606 | D:5      | Cast into level 1 of the Abyss (kobold brigand)
  7624 | Abyss:1  | Noticed a lich
  7639 | Abyss:1  | Noticed a worldbinder
  7642 | Abyss:1  | Noticed a vault sentinel
  7651 | Abyss:1  | Noticed an ancient lich
  7672 | Abyss:1  | Noticed a worldbinder
  7678 | Abyss:1  | Noticed a tentacled starspawn
  7723 | Abyss:1  | Found a corrupted altar of Lugonu.
  7733 | Abyss:1  | Noticed a smoke demon
  7765 | Abyss:1  | Noticed a large abomination
  7796 | Abyss:1  | Noticed an efreet
  7799 | Abyss:1  | Noticed an orange demon
  7802 | Abyss:1  | Noticed an efreet
  7820 | Abyss:1  | Noticed a worldbinder
  7824 | Abyss:1  | Noticed a deep elf pyromancer
  7824 | Abyss:1  | Noticed a deep elf pyromancer
  7825 | Abyss:1  | Noticed a deep elf pyromancer
  7835 | Abyss:1  | Noticed an ancient zyme
  7837 | Abyss:1  | Killed a worldbinder
  7840 | Abyss:1  | Killed an efreet
  7843 | D:5      | Escaped the Abyss
  8381 | D:4      | Cast into level 1 of the Abyss (kobold brigand)
  8472 | Abyss:1  | Noticed a sixfirhy
  8477 | Abyss:1  | Killed a sixfirhy
  8480 | D:4      | Escaped the Abyss
  9145 | Temple   | Entered the Ecumenical Temple
  9717 | D:6      | Noticed Dowan
  9718 | D:6      | Noticed Duvessa
  9720 | D:6      | Noticed Blork the orc
  9723 | D:6      | Killed Blork the orc
  9725 | D:6      | Killed Duvessa
  9726 | D:6      | Reached XP level 9. HP: 78/78 MP: 8/8
  9728 | D:6      | Killed Dowan
  9987 | D:6      | Noticed osoart's ghost (novice DrBe)
  9991 | D:6      | Found a transporter.
  9991 | D:6      | Found a transporter.
  9992 | D:6      | Noticed a two-headed ogre
 10345 | D:6      | Reached skill level 7 in Armour
 10518 | D:7      | Noticed Pikel
 10518 | D:7      | Noticed Maggie
 10634 | D:7      | Found a radiant altar of Vehumet.
 11074 | D:7      | Killed Maggie
 11075 | D:7      | Reached skill level 5 in Dodging
 11950 | D:8      | Reached skill level 8 in Armour
 11950 | D:8      | Reached XP level 10. HP: 83/83 MP: 9/9
 11969 | D:8      | Reached skill level 5 in Evocations
 12639 | D:7      | Noticed Harold
 12656 | D:7      | Killed Harold
 12656 | D:7      | Identified the ring of Qileza {MP+9 Str+5 Int+2}
 12672 | D:7      | Reached skill level 9 in Armour
 12677 | D:7      | Killed Pikel
 13174 | D:7      | Noticed a manticore
 13181 | D:7      | Killed a manticore
 13186 | D:7      | Reached skill level 10 in Armour
 13495 | D:7      | Identified the +7 rapier of Dismay {pain, Fragile rElec
                  | Will++ Str+2}
 13687 | D:7      | Reached XP level 11. HP: 59/95 MP: 10/10
 14977 | D:9      | Noticed a two-headed ogre
 14984 | D:9      | Killed a two-headed ogre
 14985 | D:9      | Reached skill level 11 in Armour
 14985 | D:9      | Reached skill level 1 in Shields
 16175 | D:10     | Entered Level 10 of the Dungeon
 16497 | D:10     | Noticed Joseph
 16516 | D:10     | Killed Joseph
 16731 | D:10     | Found a staircase to the Orcish Mines.
 17064 | D:11     | Noticed a two-headed ogre
 17069 | D:11     | Killed a two-headed ogre
 17162 | D:11     | Noticed a two-headed ogre
 17174 | D:11     | HP: 7/145 [two-headed ogre/+0 great mace (21)]
 17174 | D:11     | Slain by a two-headed ogre

Illustrated notes

Levels and vault maps discovered:
D:1:      dpeg_arrival_stonehenge_12_columns, layout_basic, chequers_jeans
D:2:      layout_loops_corners, hellmonk_ecumenical_altar_leap_of_faith,
          basic_altar, minmay_misc_feat_alley, minmay_misc_feat_four_crosses,
          uniq_natasha
D:3:      layout_loops_ring
D:4:      layout_loops_ring, minmay_misc_feat_iff
D:5:      due_chaos_kobolds, layout_loops_ring, minmay_temple_entry_arrows,
          uniq_menkaure
D:6:      layout_loops_ring, gammafunk_ghost_smash, serial_co_window_serial,
          co_window_corner_a, co_window_corner_a, co_window_of_opportunity_a,
          co_window_of_opportunity_a, co_window_paths_a, co_window_2corner,
          co_window_paths_c, co_window_cross_4, co_window_paths_c,
          co_window_4corner_b, uniq_duvessa, uniq_blork_the_orc
D:7:      minmay_the_grid_octo_tiled_octocenter [minmay_the_grid_octo_toaster,
          minmay_the_grid_octo_thin_diamonds, minmay_the_grid_octo_clover,
          minmay_the_grid_octo_vomiting_pacman, minmay_the_grid_octo_prize_star,
          minmay_the_grid_square_5x5_two_walls_b,
          minmay_the_grid_square_5x5_percent, minmay_the_grid_square_5x5_c,
          minmay_the_grid_square_5x5_longway], layout_basic,
          vehumet_altar_wand_db, uniq_harold, uniq_pikel, uniq_maggie
D:8:      layout_loops_ring, serial_undead, serial_undead_e, serial_undead_f,
          serial_undead_a, serial_undead_f, roderic_three_in_a_row
D:9:      layout_basic
D:10:     layout_roguey, orc_0_dummy, uniq_joseph
D:11:     layout_basic, erik_lair_dragon, minmay_misc_feat_doors,
          amcnicky_mini_pool_small, st_stairs_12, minmay_misc_feat_columns
Temple:   nicolae_temple_the_god_donut

Skill      XL: |  1  2  3  4  5  6  7  8  9 10 11 |
---------------+----------------------------------+-----
Fighting       | 4 5 6 7 8 9 |  9.0
Axes           | 4 6 7 8 9 |  9.2
Polearms       | 1 2 3 4 6 7 8 |  8.4
Armour         | 3 4 5 6 8 10 11 | 11.4
Dodging        | 3 4 5 |  5.9
Stealth        | 1 2 3 |  3.4
Evocations     | 1 3 4 6 7 |  7.0
Shields        | 2 |  2.5

Action                   |  1- 3 |  4- 6 |  7- 9 | 10-12 || total
-------------------------+-------+-------+-------+-------++-------
Melee: Spear             |    58 |   167 |    83 |       ||   308
       Hand axe          |     2 |       |       |       ||     2
       Headbutt          |     3 |    23 |    44 |    55 ||   125
       Punch             |       |     1 |     3 |       ||     4
       War axe           |       |       |   101 |       ||   101
       Trident           |       |       |    64 |       ||    64
       Battleaxe         |       |       |    17 |    77 ||    94
       Broad axe         |       |       |       |   167 ||   167
Invok: Berserk           |       |     2 |     9 |     6 ||    17
       Trog's Hand       |       |       |     3 |     4 ||     7
  Use: Scroll            |       |       |     8 |     3 ||    11
       Potion            |       |       |     7 |     5 ||    12
 Stab: Sleeping          |     1 |       |       |       ||     1
Armor: Animal skin       |     7 |     4 |       |       ||    11
       Leather armour    |       |     2 |       |       ||     2
       Chain mail        |       |    35 |       |       ||    35
       Ring mail         |       |     6 |    57 |       ||    63
       Plate armour      |       |       |    53 |   183 ||   236
Dodge: Dodged            |    23 |    66 |   207 |   148 ||   444
       Repelled          |       |       |       |     2 ||     2
Block: Tower shield      |       |       |       |    77 ||    77
       Kite shield       |       |       |       |    41 ||    41
